WCHLSIM.com - West Coast Hockey League
html PUBLIC "-//W3C//DTD XHTML 1.0 Transitional//EN" "http://www.w3.org/TR/xhtml1/DTD/xhtml1-transitional.dtd"> WCHL - Game 408 - SACRAMENTO BANDITS vs SALEM BLACK JAYS

SACRAMENTO BANDITS vs SALEM BLACK JAYS

Created - 10 janvier 2021 at 20:58

Goals
1 2 3 T
SACRAMENTO BANDITS 0 1 5 6
SALEM BLACK JAYS 1 0 1 2
Shots
1 2 3 T
SACRAMENTO BANDITS 9 9 18 36
SALEM BLACK JAYS 9 9 11 29

1st period

1. SALEM BLACK JAYS , Matthew Calvert 4 (Nick Jensen 3) at 19:36 (SH)

Penalties :
Matthew Calvert (SAL) for Tripping (Minor) at 10:10, Patrik Laine (SAC) for Interference (Minor) at 10:10, Casey Cizikas (SAL) for Tripping (Minor) at 17:59

2nd period

2. SACRAMENTO BANDITS , John Carlson 5 (Alexander DeBrincat 10) at 2:55 (PP)

Penalties :
Jason Demers (SAL) for Holding (Minor) at 2:41, Dylan Larkin (SAL) for Boarding (Minor) at 3:24, Patrik Laine (SAC) for Holding (Minor) at 16:16

3rd period

3. SACRAMENTO BANDITS , Lars Eller 13 (Patrik Laine 15, John Carlson 18) at 4:46
4. SALEM BLACK JAYS , Josh Leivo 5 (Mikko Rantanen 19, Mathew Barzal 21) at 8:46 (PP)
5. SACRAMENTO BANDITS , Colton Sissons 1 (Alexander DeBrincat 11, Matt Duchene 12) at 9:10
6. SACRAMENTO BANDITS , Mattias Ekholm 3 (Patrik Laine 16, Jonathan Huberdeau 12) at 11:03
7. SACRAMENTO BANDITS , Sam Reinhart 8 (Aleksander Barkov 16) at 17:43
8. SACRAMENTO BANDITS , Patrik Laine 11 (Lars Eller 15, John Carlson 19) at 18:16

Penalties :
Casey Cizikas (SAL) for Interference (Minor) at 0:43, John Carlson (SAC) for Hooking (Minor) at 8:34

Goalie Stats

Craig Anderson (SAC), 27 saves from 29 shots - (0,931), W, 2-2-0, 60:00 minutes
Juuse Saros (SAL), 30 saves from 36 shots - (0,833), L, 5-3-1, 60:00 minutes

Players Stats for SACRAMENTO BANDITS

Player Name              G  A  P  +/- PIM S  H  SB GA TA FO     MP     PP MP  PK MP  
------------------------------------------------------------------------------------
Aleksander Barkov        0  1  1   0  0   4  1  0  0  0  12/23  18:57   2:53   0:40 
Alexander DeBrincat      0  2  2   1  0   1  1  0  0  0  1/1    15:25   3:18   0:00 
Colton Sissons           1  0  1   1  0   3  2  0  0  0  0/0    12:47   0:00   0:40 
Erik Johnson             0  0  0   3  0   0  1  2  0  0  0/0    20:36   3:11   0:52 
Filip Hronek             0  0  0   0  0   1  0  0  0  0  0/0    23:58   3:00   1:19 
Jamie Benn               0  0  0   1  0   0  2  0  0  0  1/3    16:17   0:00   1:31 
Jay Beagle               0  0  0   0  0   0  0  0  0  0  2/3     6:26   0:00   0:00 
John Carlson             1  2  3   2  2   5  0  1  0  0  0/0    26:11   3:11   0:46 
Jonathan Huberdeau       0  1  1   2  0   3  0  0  0  0  0/1    21:12   2:53   0:00 
Josh Manson              0  0  0   0  0   0  0  0  0  0  0/0    12:50   0:00   0:00 
Justin Williams          0  0  0   0  0   1  0  0  0  0  0/0     5:05   0:00   0:00 
Lars Eller               1  1  2   3  0   3  0  0  0  0  19/25  20:33   0:00   1:31 
Luca Sbisa               0  0  0   0  0   0  0  0  0  0  0/0    13:41   0:00   0:51 
Matt Duchene             0  1  1   1  0   4  0  0  0  0  13/19  15:25   3:18   0:00 
Mattias Ekholm           1  0  1   3  0   1  1  2  0  0  0/0    22:43   3:00   0:34 
Nicolas Aube-Kubel       0  0  0   0  0   1  0  0  0  0  0/0     5:05   0:00   0:00 
Patrik Laine             1  2  3   2  4   3  1  0  0  0  0/1    20:32   2:53   0:00 
Sam Reinhart             1  0  1   1  0   6  1  0  0  0  1/4    18:04   3:18   0:00 

Players Stats for SALEM BLACK JAYS

Player Name              G  A  P  +/- PIM S  H  SB GA TA FO     MP     PP MP  PK MP  
------------------------------------------------------------------------------------
Andreas Athanasiou       0  0  0  -2  0   0  0  0  0  0  0/1    14:39   0:49   2:28 
Casey Cizikas            0  0  0  -2  4   2  2  0  0  0  6/16   13:27   0:48   1:19 
Cody Ceci                0  0  0  -1  0   2  2  1  0  0  0/0    22:28   1:22   2:56 
Dylan Larkin             0  0  0  -2  2   7  0  1  0  0  5/16   18:13   0:00   1:11 
Filip Chytil             0  0  0   0  0   2  0  0  0  0  3/7     7:53   0:49   2:05 
Jason Demers             0  0  0  -2  2   0  2  1  0  0  0/0    20:57   0:49   0:03 
Josh Leivo               1  0  1  -1  0   2  1  0  0  0  0/1    18:46   1:22   0:00 
Joshua Morrissey         0  0  0  -2  0   0  0  0  0  0  0/0    19:53   0:49   0:00 
Martin Necas             0  0  0  -2  0   0  0  0  0  0  0/0    11:44   0:22   0:00 
Mathew Barzal            0  1  1  -1  0   5  2  0  0  0  12/27  19:36   1:22   0:00 
Matthew Calvert          1  0  1  -1  2   1  3  0  0  0  1/4    17:29   0:00   1:36 
Matthew Highmore         0  0  0   1  0   0  2  0  0  0  0/1     8:42   0:00   3:43 
Mikko Rantanen           0  1  1  -2  0   2  1  1  0  0  2/4    16:56   0:12   0:00 
Mitchell Marner          0  0  0  -1  0   5  1  0  0  0  2/3    19:22   0:49   0:00 
Nick Jensen              0  1  1  -1  0   0  0  3  0  0  0/0    18:48   0:00   3:15 
Par Lindholm             0  0  0   0  0   0  1  0  0  0  0/0     4:59   0:00   0:00 
Scott Mayfield           0  0  0   0  0   0  4  0  0  0  0/0    19:43   1:22   3:12 
Travis Dermott           0  0  0  -2  0   1  2  0  0  0  0/0    18:10   0:00   2:56 

3 Stars

1 - Lars Eller (SAC)
2 - John Carlson (SAC)
3 - Mattias Ekholm (SAC)

Power Play

SACRAMENTO BANDITS - 1 on 4 Attempt(s) - 25,00%
SALEM BLACK JAYS - 1 on 2 Attempt(s) - 50,00%

Penalty Kill

SACRAMENTO BANDITS - 1 on 2 Attempt(s) - 50,00% - Score 0 goal in Penalty Kill
SALEM BLACK JAYS - 3 on 4 Attempt(s) - 75,00% - Score 1 goal in Penalty Kill

Team Stat

SACRAMENTO BANDITS - Hits : 10 - Faceoff Wins : 49 - Blocked Shots : 5 - Penalty Minutes : 6
SALEM BLACK JAYS - Hits : 23 - Faceoff Wins : 31 - Blocked Shots : 7 - Penalty Minutes : 10

Official

Referees : Chris Rooney and Wes McCauley
Linesman : Devin Berg and Brad Kovachik

Game Notes

No Game Note

Finance

Level 1 -- Attendance: 6000 (100,00%) -- Ticket Income 924 000 $
Level 2 -- Attendance: 5000 (100,00%) -- Ticket Income 510 000 $
Level 3 -- Attendance: 1868 (93,40%) -- Ticket Income 158 780 $
Level 4 -- Attendance: 4000 (100,00%) -- Ticket Income 240 000 $
Luxury Box -- Attendance: 951 (95,10%) -- Ticket Income 263 427 $
Game was played at the Demon Arena.
Total Attendance: 17819 (98,99%)
Total Ticket Income: 2 096 207 $
Other Expense: 20 962 $
Total Income: 2 075 245 $

SACRAMENTO BANDITS

5 vs 5 Forward 
   Center                   Left Wing                Right Wing               Time % Phy DF OF 
 1 Lars Eller               Jonathan Huberdeau       Patrik Laine             36     1   2  2  
 2 Aleksander Barkov        Jamie Benn               Sam Reinhart             31     1   2  2  
 3 Matt Duchene             Alexander DeBrincat      Colton Sissons           23     1   2  2  
 4 Jay Beagle               Nicolas Aube-Kubel       Justin Williams          10     1   2  2  

5 vs 5 Defense 
   Defense                  Defense                                           Time % Phy DF OF 
 1 John Carlson             Filip Hronek                                      36     1   2  2  
 2 Mattias Ekholm           Erik Johnson                                      31     1   2  2  
 3 Josh Manson              Luca Sbisa                                        23     1   2  2  
 4 John Carlson             Mattias Ekholm                                    10     1   2  2  

PowerPlay Forward 
   Center                   Left Wing                Right Wing               Time % Phy DF OF 
 1 Aleksander Barkov        Jonathan Huberdeau       Patrik Laine             55     1   2  2  
 2 Matt Duchene             Alexander DeBrincat      Sam Reinhart             45     1   2  2  

PowerPlay Defense
   Defense                  Defense                                           Time % Phy DF OF 
 1 John Carlson             Erik Johnson                                      55     1   2  2  
 2 Mattias Ekholm           Filip Hronek                                      45     1   2  2  

Penalty Kill 4 Players Forward 
   Center                   Wing                     Time % Phy DF OF 
 1 Lars Eller               Jamie Benn               55     1   2  2  
 2 Aleksander Barkov        Colton Sissons           45     1   2  2  

Penalty Kill 4 Players Defense
   Defense                  Defense                  Time % Phy DF OF 
 1 John Carlson             Erik Johnson             55     1   2  2  
 2 Mattias Ekholm           Filip Hronek             45     1   2  2  

Penalty Kill - 3 Players Forward 
   Forward                                           Time % Phy DF OF 
 1 Lars Eller                                        55     1   2  2  
 2 Aleksander Barkov                                 45     1   2  2  

Penalty Kill - 3 Players Defense
   Defense                  Defense                  Time % Phy DF OF 
 1 John Carlson             Erik Johnson             55     1   2  2  
 2 Mattias Ekholm           Luca Sbisa               45     1   2  2  

4 vs 4 Forward 
   Center                   Wing                     Time % Phy DF OF 
 1 Aleksander Barkov        Jonathan Huberdeau       55     1   2  2  
 2 Lars Eller               Patrik Laine             45     1   2  2  

4 vs 4 Defense
   Defense                  Defense                  Time % Phy DF OF 
 1 John Carlson             Filip Hronek             55     1   2  2  
 2 Mattias Ekholm           Erik Johnson             45     1   2  2  

Last Minutes Offensive
   Center                   Left Wing                Right Wing               Defense                  Defense                  
   Aleksander Barkov        Jonathan Huberdeau       Sam Reinhart             John Carlson             Erik Johnson             

Last Minutes Defensive
   Center                   Left Wing                Right Wing               Defense                  Defense                  
   Aleksander Barkov        Jonathan Huberdeau       Sam Reinhart             John Carlson             Erik Johnson             

Goaltenders
Starting : Craig Anderson           
Backup : Andrei Vasilevskiy       

Extra Forwards
Normal : Jonathan Huberdeau, Jay Beagle, Aleksander Barkov - PP : Jonathan Huberdeau, Jay Beagle - PK : Jonathan Huberdeau
Extra Defensemen
Normal : Filip Hronek, Luca Sbisa, Mattias Ekholm - PP : Filip Hronek - PK : Luca Sbisa, Mattias Ekholm
Penalty Shots
Aleksander Barkov, Jonathan Huberdeau, Jamie Benn, Matt Duchene, Sam Reinhart
Custom OT Lines Forwards
Aleksander Barkov, Jonathan Huberdeau, Jamie Benn, Matt Duchene, Sam Reinhart, Alexander DeBrincat, Jay Beagle, Lars Eller, Colton Sissons, Justin Williams
Custom OT Lines Defensemen
John Carlson, Luca Sbisa, Mattias Ekholm, Erik Johnson, Filip Hronek

Scratches
Rocco Grimaldi (Healthy), Brock Boeser (Left Foot Injury), Ryan Suter (Bruised Left Shoulder Injury)

SALEM BLACK JAYS

5 vs 5 Forward 
   Center                   Left Wing                Right Wing               Time % Phy DF OF 
 1 Mathew Barzal            Josh Leivo               Mitchell Marner          36     0   1  4  
 2 Dylan Larkin             Matthew Calvert          Mikko Rantanen           31     0   1  4  
 3 Casey Cizikas            Andreas Athanasiou       Martin Necas             23     0   2  3  
 4 Filip Chytil             Par Lindholm             Matthew Highmore         10     1   2  2  

5 vs 5 Defense 
   Defense                  Defense                                           Time % Phy DF OF 
 1 Jason Demers             Joshua Morrissey                                  36     0   4  1  
 2 Cody Ceci                Scott Mayfield                                    31     0   4  1  
 3 Travis Dermott           Nick Jensen                                       23     0   4  1  
 4 Jason Demers             Cody Ceci                                         10     0   3  2  

PowerPlay Forward 
   Center                   Left Wing                Right Wing               Time % Phy DF OF 
 1 Mathew Barzal            Josh Leivo               Mikko Rantanen           55     0   1  4  
 2 Dylan Larkin             Andreas Athanasiou       Mitchell Marner          45     0   1  4  

PowerPlay Defense
   Defense                  Defense                                           Time % Phy DF OF 
 1 Joshua Morrissey         Travis Dermott                                    55     0   0  5  
 2 Cody Ceci                Scott Mayfield                                    45     0   0  5  

Penalty Kill 4 Players Forward 
   Center                   Wing                     Time % Phy DF OF 
 1 Casey Cizikas            Matthew Highmore         55     1   3  1  
 2 Filip Chytil             Andreas Athanasiou       45     1   3  1  

Penalty Kill 4 Players Defense
   Defense                  Defense                  Time % Phy DF OF 
 1 Scott Mayfield           Nick Jensen              55     1   2  2  
 2 Cody Ceci                Travis Dermott           45     1   2  2  

Penalty Kill - 3 Players Forward 
   Forward                                           Time % Phy DF OF 
 1 Casey Cizikas                                     55     1   3  1  
 2 Filip Chytil                                      45     1   3  1  

Penalty Kill - 3 Players Defense
   Defense                  Defense                  Time % Phy DF OF 
 1 Scott Mayfield           Nick Jensen              55     1   2  2  
 2 Travis Dermott           Cody Ceci                45     1   2  2  

4 vs 4 Forward 
   Center                   Wing                     Time % Phy DF OF 
 1 Dylan Larkin             Mitchell Marner          55     1   2  2  
 2 Mathew Barzal            Mikko Rantanen           45     1   2  2  

4 vs 4 Defense
   Defense                  Defense                  Time % Phy DF OF 
 1 Nick Jensen              Joshua Morrissey         55     1   2  2  
 2 Cody Ceci                Travis Dermott           45     1   2  2  

Last Minutes Offensive
   Center                   Left Wing                Right Wing               Defense                  Defense                  
   Mathew Barzal            Dylan Larkin             Mitchell Marner          Jason Demers             Joshua Morrissey         

Last Minutes Defensive
   Center                   Left Wing                Right Wing               Defense                  Defense                  
   Mathew Barzal            Dylan Larkin             Mitchell Marner          Jason Demers             Joshua Morrissey         

Goaltenders
Starting : Juuse Saros              
Backup : Elvis Merzlikins         

Extra Forwards
Normal : Casey Cizikas, Martin Necas, Filip Chytil - PP : Casey Cizikas, Filip Chytil - PK : Matthew Calvert
Extra Defensemen
Normal : Nick Jensen, Travis Dermott, Cody Ceci - PP : Nick Jensen - PK : Travis Dermott, Cody Ceci
Penalty Shots
Mikko Rantanen, Mitchell Marner, Mathew Barzal, Dylan Larkin, Josh Leivo
Custom OT Lines Forwards
Mathew Barzal, Dylan Larkin, Mitchell Marner, Mikko Rantanen, Josh Leivo, Matthew Calvert, Casey Cizikas, Martin Necas, Filip Chytil, Andreas Athanasiou
Custom OT Lines Defensemen
Cody Ceci, Joshua Morrissey, Jason Demers, Scott Mayfield, Nick Jensen

Scratches
Michal Kempny (Left Hip Injury), Scott Harrington (Healthy)

% Time on Ice - SACRAMENTO BANDITS

Lines # - Real PCT - Wanted PCT - Time Play
Normal Forward
1 - 36% - 36% - 17:41
2 - 30% - 31% - 14:46
3 - 24% - 23% - 12:07
4 - 10% - 10% - 5:05
Normal Defense
1 - 37% - 36% - 18:18
2 - 32% - 31% - 15:55
3 - 26% - 23% - 12:50
4 - 5% - 10% - 2:36
PP Forward
1 - 47% - 55% - 2:53
2 - 53% - 45% - 3:18
PP Defense
1 - 51% - 55% - 3:11
2 - 49% - 45% - 3:00
PK Forward
1 - 69% - 55% - 1:31
2 - 31% - 45% - 0:40
PK Defense
1 - 40% - 55% - 0:52
2 - 60% - 45% - 1:19
PK3 Forward
1 - 0% - 55%
2 - 0% - 45%
PK3 Defense
1 - 0% - 55%
2 - 0% - 45%
44 Forward
1 - 32% - 55% - 0:38
2 - 68% - 45% - 1:21
44 Defense
1 - 68% - 55% - 1:21
2 - 32% - 45% - 0:38
Last Minute Offensive  - 0:00
Last Minute Defensive  - 0:00
Total
Forward - 60:00
Defense - 60:00

% Time on Ice - SALEM BLACK JAYS

Lines # - Real PCT - Wanted PCT - Time Play
Normal Forward
1 - 35% - 36% - 17:24
2 - 32% - 31% - 15:54
3 - 23% - 23% - 11:22
4 - 10% - 10% - 4:59
Normal Defense
1 - 36% - 36% - 17:55
2 - 31% - 31% - 15:09
3 - 29% - 23% - 14:24
4 - 4% - 10% - 2:11
PP Forward
1 - 63% - 55% - 1:22
2 - 37% - 45% - 0:49
PP Defense
1 - 0% - 55% - 0:00
2 - 100% - 45% - 2:11
PK Forward
1 - 66% - 55% - 4:06
2 - 34% - 45% - 2:05
PK Defense
1 - 53% - 55% - 3:15
2 - 47% - 45% - 2:56
PK3 Forward
1 - 0% - 55%
2 - 0% - 45%
PK3 Defense
1 - 0% - 55%
2 - 0% - 45%
44 Forward
1 - 58% - 55% - 1:09
2 - 42% - 45% - 0:50
44 Defense
1 - 58% - 55% - 1:09
2 - 42% - 45% - 0:50
Last Minute Offensive  - 0:00
Last Minute Defensive  - 0:00
Total
Forward - 60:00
Defense - 60:00

Play-by-Play

1st period


0:01 of 1st period - Lars Eller wins face-off versus Mathew Barzal in neutral zone.
0:10 of 1st period - Jason Demers is hit by Patrik Laine and loses puck.
0:25 of 1st period - Shot by Jonathan Huberdeau.
0:25 of 1st period - Shot Misses the Net.
0:58 of 1st period - Off-side.
0:59 of 1st period - Matt Duchene wins face-off versus Dylan Larkin in neutral zone.
1:03 of 1st period - Matt Duchene is hit by Scott Mayfield and loses puck.
1:07 of 1st period - Colton Sissons is hit by Scott Mayfield and loses puck.
1:16 of 1st period - Shot by Alexander DeBrincat.
1:16 of 1st period - Shot Blocked by Cody Ceci.
1:23 of 1st period - Alexander DeBrincat is hit by Scott Mayfield and loses puck.
1:28 of 1st period - Shot by Alexander DeBrincat.
1:28 of 1st period - Stopped by Juuse Saros with a rebound.
1:30 of 1st period - Shot by Josh Manson.
1:30 of 1st period - Shot Blocked by Mikko Rantanen.
1:33 of 1st period - Matt Duchene is hit by Cody Ceci and loses puck.
1:42 of 1st period - Shot by Alexander DeBrincat.
1:42 of 1st period - Deflect By Colton Sissons.
1:42 of 1st period - Stopped by Juuse Saros without a rebound.
1:43 of 1st period - Casey Cizikas wins face-off versus Aleksander Barkov in SALEM BLACK JAYS zone.
1:43 of 1st period - Casey Cizikas is hit by Jamie Benn.
1:53 of 1st period - Shot by Aleksander Barkov.
1:53 of 1st period - Shot Misses the Net.
1:55 of 1st period - Shot by Erik Johnson.
1:55 of 1st period - Shot Blocked by Nick Jensen.
2:05 of 1st period - Shot by Sam Reinhart.
2:05 of 1st period - Shot Misses the Net.
2:07 of 1st period - Shot by Sam Reinhart.
2:07 of 1st period - Stopped by Juuse Saros without a rebound.
2:08 of 1st period - Filip Chytil wins face-off versus Jay Beagle in SALEM BLACK JAYS zone.
2:23 of 1st period - Shot by Par Lindholm.
2:23 of 1st period - Shot Misses the Net.
2:25 of 1st period - Shot by Filip Chytil.
2:25 of 1st period - Stopped by Craig Anderson without a rebound.
2:26 of 1st period - Aleksander Barkov wins face-off versus Casey Cizikas in SACRAMENTO BANDITS zone.
2:41 of 1st period - Shot by Aleksander Barkov.
2:41 of 1st period - Shot Misses the Net.
2:43 of 1st period - Shot by Aleksander Barkov.
2:43 of 1st period - Shot Misses the Net.
2:45 of 1st period - Shot by Mattias Ekholm.
2:45 of 1st period - Shot Misses the Net.
3:43 of 1st period - Icing by Nick Jensen.
3:44 of 1st period - Matt Duchene wins face-off versus Casey Cizikas in SALEM BLACK JAYS zone.
4:18 of 1st period - John Carlson is hit by Casey Cizikas and loses puck.
4:57 of 1st period - Shot by Jonathan Huberdeau.
4:57 of 1st period - Stopped by Juuse Saros without a rebound.
4:58 of 1st period - Jay Beagle wins face-off versus Mikko Rantanen in SALEM BLACK JAYS zone.
5:07 of 1st period - Shot by Mikko Rantanen.
5:07 of 1st period - Shot Misses the Net.
5:19 of 1st period - Shot by Jay Beagle.
5:19 of 1st period - Deflect By Justin Williams.
5:19 of 1st period - Stopped by Juuse Saros without a rebound.
5:20 of 1st period - Lars Eller wins face-off versus Mathew Barzal in SALEM BLACK JAYS zone.
5:39 of 1st period - Shot by Jonathan Huberdeau.
5:39 of 1st period - Stopped by Juuse Saros without a rebound.
5:40 of 1st period - Aleksander Barkov wins face-off versus Dylan Larkin in SALEM BLACK JAYS zone.
5:47 of 1st period - Shot by Dylan Larkin.
5:47 of 1st period - Stopped by Craig Anderson with a rebound.
5:49 of 1st period - Shot by Cody Ceci.
5:49 of 1st period - Stopped by Craig Anderson with a rebound.
5:51 of 1st period - Shot by Dylan Larkin.
5:51 of 1st period - Stopped by Craig Anderson without a rebound.
5:52 of 1st period - Lars Eller wins face-off versus Mathew Barzal in SACRAMENTO BANDITS zone.
7:41 of 1st period - Shot by Mikko Rantanen.
7:41 of 1st period - Stopped by Craig Anderson with a rebound.
8:04 of 1st period - Alexander DeBrincat is hit by Matthew Highmore and loses puck.
8:25 of 1st period - Shot by Martin Necas.
8:25 of 1st period - Shot Blocked by John Carlson.
8:27 of 1st period - Shot by Travis Dermott.
8:27 of 1st period - Stopped by Craig Anderson without a rebound.
8:28 of 1st period - Jay Beagle wins face-off versus Mathew Barzal in SACRAMENTO BANDITS zone.
8:28 of 1st period - Jay Beagle is hit by Mathew Barzal.
8:51 of 1st period - Jay Beagle is hit by Cody Ceci and loses puck.
9:35 of 1st period - Off-side.
9:36 of 1st period - Lars Eller wins face-off versus Filip Chytil in neutral zone.
10:06 of 1st period - Icing by Jonathan Huberdeau.
10:07 of 1st period - Lars Eller wins face-off versus Dylan Larkin in SACRAMENTO BANDITS zone.
10:07 of 1st period - Lars Eller is hit by Matthew Calvert.
10:10 of 1st period - Minor Penalty to Matthew Calvert for Tripping.
10:10 of 1st period - Minor Penalty to Patrik Laine for Interference.
10:11 of 1st period - Dylan Larkin wins face-off versus Aleksander Barkov in neutral zone.
10:21 of 1st period - Shot by Dylan Larkin.
10:21 of 1st period - Shot Misses the Net.
10:31 of 1st period - Shot by Jonathan Huberdeau.
10:31 of 1st period - Shot Misses the Net.
10:35 of 1st period - Shot by Aleksander Barkov.
10:35 of 1st period - Stopped by Juuse Saros without a rebound.
10:36 of 1st period - Lars Eller wins face-off versus Mathew Barzal in SALEM BLACK JAYS zone.
14:03 of 1st period - Shot by John Carlson.
14:03 of 1st period - Shot Misses the Net.
14:05 of 1st period - Shot by John Carlson.
14:05 of 1st period - Stopped by Juuse Saros without a rebound.
14:06 of 1st period - Lars Eller wins face-off versus Dylan Larkin in SALEM BLACK JAYS zone.
14:56 of 1st period - Off-side.
14:57 of 1st period - Mathew Barzal wins face-off versus Matt Duchene in neutral zone.
15:37 of 1st period - Shot by Mitchell Marner.
15:37 of 1st period - Stopped by Craig Anderson without a rebound.
15:38 of 1st period - Aleksander Barkov wins face-off versus Filip Chytil in SACRAMENTO BANDITS zone.
15:56 of 1st period - Shot by Jamie Benn.
15:56 of 1st period - Shot Misses the Net.
16:02 of 1st period - Jamie Benn is hit by Par Lindholm.
16:08 of 1st period - Shot by Filip Chytil.
16:08 of 1st period - Stopped by Craig Anderson with a rebound.
16:44 of 1st period - Shot by Matthew Calvert.
16:44 of 1st period - Shot Misses the Net.
17:18 of 1st period - Shot by Mathew Barzal.
17:18 of 1st period - Shot Misses the Net.
17:59 of 1st period - Minor Penalty to Casey Cizikas for Tripping.
18:00 of 1st period - Matt Duchene wins face-off versus Matthew Highmore in SALEM BLACK JAYS zone.
18:15 of 1st period - Dylan Larkin is hit by Sam Reinhart and loses puck.
19:30 of 1st period - Icing by Filip Hronek.
19:31 of 1st period - Matthew Calvert wins face-off versus Aleksander Barkov in SACRAMENTO BANDITS zone.
19:36 of 1st period - Shot by Matthew Calvert.
19:36 of 1st period - Goal by Matthew Calvert - SACRAMENTO BANDITS : 0 - SALEM BLACK JAYS : 1.
19:37 of 1st period - Filip Chytil wins face-off versus Matt Duchene in neutral zone.
19:46 of 1st period - Scott Mayfield is hit by Alexander DeBrincat and loses puck.
19:53 of 1st period - Shot by Sam Reinhart.
19:53 of 1st period - Stopped by Juuse Saros without a rebound.
19:54 of 1st period - Matt Duchene wins face-off versus Filip Chytil in SALEM BLACK JAYS zone.
Goals for this period are 0 for SACRAMENTO BANDITS vs 1 for SALEM BLACK JAYS.
Shots for this period are 9 for SACRAMENTO BANDITS vs 9 for SALEM BLACK JAYS.

2nd period


0:01 of 2nd period - Mitchell Marner wins face-off versus Jonathan Huberdeau in neutral zone.
0:25 of 2nd period - Icing by Jason Demers.
0:26 of 2nd period - Aleksander Barkov wins face-off versus Mathew Barzal in SALEM BLACK JAYS zone.
1:10 of 2nd period - Shot by Mikko Rantanen.
1:10 of 2nd period - Stopped by Craig Anderson without a rebound.
1:11 of 2nd period - Lars Eller wins face-off versus Mikko Rantanen in SACRAMENTO BANDITS zone.
1:40 of 2nd period - Shot by Mikko Rantanen.
1:40 of 2nd period - Deflect By Dylan Larkin.
1:40 of 2nd period - Stopped by Craig Anderson with a rebound.
2:24 of 2nd period - Shot by Casey Cizikas.
2:24 of 2nd period - Stopped by Craig Anderson without a rebound.
2:25 of 2nd period - Mathew Barzal wins face-off versus Aleksander Barkov in SACRAMENTO BANDITS zone.
2:41 of 2nd period - Minor Penalty to Jason Demers for Holding.
2:42 of 2nd period - Matt Duchene wins face-off versus Casey Cizikas in SALEM BLACK JAYS zone.
2:43 of 2nd period - Shot by Sam Reinhart.
2:43 of 2nd period - Stopped by Juuse Saros without a rebound.
2:44 of 2nd period - Casey Cizikas wins face-off versus Matt Duchene in SALEM BLACK JAYS zone.
2:55 of 2nd period - Shot by John Carlson.
2:55 of 2nd period - Goal by John Carlson - SACRAMENTO BANDITS : 1 - SALEM BLACK JAYS : 1.
2:56 of 2nd period - Mikko Rantanen wins face-off versus Aleksander Barkov in neutral zone.
3:24 of 2nd period - Minor Penalty to Dylan Larkin for Boarding.
3:25 of 2nd period - Aleksander Barkov wins face-off versus Casey Cizikas in SALEM BLACK JAYS zone.
3:42 of 2nd period - Shot by Jonathan Huberdeau.
3:42 of 2nd period - Shot Misses the Net.
3:53 of 2nd period - Icing by Aleksander Barkov.
3:54 of 2nd period - Aleksander Barkov wins face-off versus Casey Cizikas in SACRAMENTO BANDITS zone.
4:53 of 2nd period - Shot by Matt Duchene.
4:53 of 2nd period - Stopped by Juuse Saros without a rebound.
4:54 of 2nd period - Matt Duchene wins face-off versus Casey Cizikas in SALEM BLACK JAYS zone.
5:51 of 2nd period - Shot by Nicolas Aube-Kubel.
5:51 of 2nd period - Stopped by Juuse Saros without a rebound.
5:52 of 2nd period - Lars Eller wins face-off versus Dylan Larkin in SALEM BLACK JAYS zone.
6:15 of 2nd period - Shot by Mikko Rantanen.
6:15 of 2nd period - Shot Misses the Net.
6:20 of 2nd period - Icing by John Carlson.
6:21 of 2nd period - Lars Eller wins face-off versus Mathew Barzal in SACRAMENTO BANDITS zone.
6:21 of 2nd period - Lars Eller is hit by Josh Leivo.
6:33 of 2nd period - Shot by Patrik Laine.
6:33 of 2nd period - Stopped by Juuse Saros with a rebound.
6:37 of 2nd period - Shot by Lars Eller.
6:37 of 2nd period - Stopped by Juuse Saros without a rebound.
6:38 of 2nd period - Casey Cizikas wins face-off versus Sam Reinhart in SALEM BLACK JAYS zone.
7:08 of 2nd period - Icing by Aleksander Barkov.
7:09 of 2nd period - Mathew Barzal wins face-off versus Sam Reinhart in SACRAMENTO BANDITS zone.
7:34 of 2nd period - Off-side.
7:35 of 2nd period - Dylan Larkin wins face-off versus Lars Eller in neutral zone.
7:40 of 2nd period - Shot by Mikko Rantanen.
7:40 of 2nd period - Shot Hit the Post.
8:04 of 2nd period - Shot by Dylan Larkin.
8:04 of 2nd period - Stopped by Craig Anderson with a rebound.
8:46 of 2nd period - Shot by Mitchell Marner.
8:46 of 2nd period - Stopped by Craig Anderson with a rebound.
9:11 of 2nd period - Shot by Mitchell Marner.
9:11 of 2nd period - Stopped by Craig Anderson without a rebound.
9:12 of 2nd period - Casey Cizikas wins face-off versus Sam Reinhart in SACRAMENTO BANDITS zone.
9:40 of 2nd period - Icing by Erik Johnson.
9:41 of 2nd period - Sam Reinhart wins face-off versus Filip Chytil in SACRAMENTO BANDITS zone.
9:41 of 2nd period - Sam Reinhart is hit by Matthew Highmore.
10:53 of 2nd period - Shot by John Carlson.
10:53 of 2nd period - Stopped by Juuse Saros without a rebound.
10:54 of 2nd period - Dylan Larkin wins face-off versus Lars Eller in SALEM BLACK JAYS zone.
11:07 of 2nd period - Shot by Dylan Larkin.
11:07 of 2nd period - Deflect By Mikko Rantanen.
11:07 of 2nd period - Shot Misses the Net.
11:14 of 2nd period - Shot by Dylan Larkin.
11:14 of 2nd period - Stopped by Craig Anderson with a rebound.
12:01 of 2nd period - Icing by Matt Duchene.
12:02 of 2nd period - Matt Duchene wins face-off versus Mathew Barzal in SACRAMENTO BANDITS zone.
12:04 of 2nd period - Icing by John Carlson.
12:05 of 2nd period - Matt Duchene wins face-off versus Mathew Barzal in SACRAMENTO BANDITS zone.
12:05 of 2nd period - Matt Duchene is hit by Mathew Barzal.
13:30 of 2nd period - Shot by Casey Cizikas.
13:30 of 2nd period - Shot Misses the Net.
13:32 of 2nd period - Shot by Casey Cizikas.
13:32 of 2nd period - Stopped by Craig Anderson with a rebound.
13:34 of 2nd period - Shot by Cody Ceci.
13:34 of 2nd period - Shot Misses the Net.
13:36 of 2nd period - Shot by Scott Mayfield.
13:36 of 2nd period - Shot Blocked by Mattias Ekholm.
13:38 of 2nd period - Shot by Casey Cizikas.
13:38 of 2nd period - Shot Blocked by Erik Johnson.
14:35 of 2nd period - Shot by Sam Reinhart.
14:35 of 2nd period - Deflect By Jamie Benn.
14:35 of 2nd period - Shot Misses the Net.
14:37 of 2nd period - Shot by Aleksander Barkov.
14:37 of 2nd period - Stopped by Juuse Saros with a rebound.
15:57 of 2nd period - Shot by Alexander DeBrincat.
15:57 of 2nd period - Shot Blocked by Dylan Larkin.
16:16 of 2nd period - Minor Penalty to Patrik Laine for Holding.
16:17 of 2nd period - Lars Eller wins face-off versus Mathew Barzal in SACRAMENTO BANDITS zone.
16:38 of 2nd period - Shot by Josh Leivo.
16:38 of 2nd period - Shot Blocked by Erik Johnson.
16:40 of 2nd period - Shot by Josh Leivo.
16:40 of 2nd period - Stopped by Craig Anderson with a rebound.
16:42 of 2nd period - Shot by Cody Ceci.
16:42 of 2nd period - Shot Misses the Net.
17:33 of 2nd period - Shot by Filip Chytil.
17:33 of 2nd period - Shot Misses the Net.
19:19 of 2nd period - Shot by Matt Duchene.
19:19 of 2nd period - Stopped by Juuse Saros without a rebound.
19:20 of 2nd period - Lars Eller wins face-off versus Mathew Barzal in SALEM BLACK JAYS zone.
19:42 of 2nd period - Mitchell Marner is hit by Erik Johnson and loses puck.
Goals for this period are 1 for SACRAMENTO BANDITS vs 0 for SALEM BLACK JAYS.
Shots for this period are 9 for SACRAMENTO BANDITS vs 9 for SALEM BLACK JAYS.

3rd period


0:01 of 3rd period - Mathew Barzal wins face-off versus Lars Eller in neutral zone.
0:09 of 3rd period - Shot by Mathew Barzal.
0:09 of 3rd period - Stopped by Craig Anderson without a rebound.
0:10 of 3rd period - Mitchell Marner wins face-off versus Jamie Benn in SACRAMENTO BANDITS zone.
0:15 of 3rd period - Shot by Mathew Barzal.
0:15 of 3rd period - Shot Misses the Net.
0:22 of 3rd period - Off-side.
0:23 of 3rd period - Casey Cizikas wins face-off versus Lars Eller in neutral zone.
0:29 of 3rd period - Martin Necas is hit by Mattias Ekholm and loses puck.
0:43 of 3rd period - Minor Penalty to Casey Cizikas for Interference.
0:44 of 3rd period - Matt Duchene wins face-off versus Matthew Calvert in SALEM BLACK JAYS zone.
1:10 of 3rd period - John Carlson is hit by Travis Dermott and loses puck.
1:25 of 3rd period - Shot by Alexander DeBrincat.
1:25 of 3rd period - Shot Blocked by Nick Jensen.
1:47 of 3rd period - Shot by Mattias Ekholm.
1:47 of 3rd period - Shot Misses the Net.
1:49 of 3rd period - Shot by Filip Hronek.
1:49 of 3rd period - Shot Misses the Net.
1:51 of 3rd period - Shot by Filip Hronek.
1:51 of 3rd period - Stopped by Juuse Saros without a rebound.
1:52 of 3rd period - Aleksander Barkov wins face-off versus Dylan Larkin in SALEM BLACK JAYS zone.
3:03 of 3rd period - Shot by Luca Sbisa.
3:03 of 3rd period - Shot Misses the Net.
3:49 of 3rd period - Shot by Mikko Rantanen.
3:49 of 3rd period - Deflect By Dylan Larkin.
3:49 of 3rd period - Shot Misses the Net.
3:51 of 3rd period - Shot by Dylan Larkin.
3:51 of 3rd period - Stopped by Craig Anderson with a rebound.
3:53 of 3rd period - Shot by Cody Ceci.
3:53 of 3rd period - Stopped by Craig Anderson without a rebound.
3:54 of 3rd period - Aleksander Barkov wins face-off versus Andreas Athanasiou in SACRAMENTO BANDITS zone.
4:06 of 3rd period - Icing by Casey Cizikas.
4:07 of 3rd period - Lars Eller wins face-off versus Casey Cizikas in SALEM BLACK JAYS zone.
4:44 of 3rd period - Shot by Patrik Laine.
4:44 of 3rd period - Shot Blocked by Nick Jensen.
4:46 of 3rd period - Shot by Lars Eller.
4:46 of 3rd period - Goal by Lars Eller - SACRAMENTO BANDITS : 2 - SALEM BLACK JAYS : 1.
4:47 of 3rd period - Mathew Barzal wins face-off versus Aleksander Barkov in neutral zone.
5:05 of 3rd period - Shot by Mathew Barzal.
5:05 of 3rd period - Deflect By Mitchell Marner.
5:05 of 3rd period - Shot Misses the Net.
5:07 of 3rd period - Shot by Mathew Barzal.
5:07 of 3rd period - Stopped by Craig Anderson without a rebound.
5:08 of 3rd period - Alexander DeBrincat wins face-off versus Dylan Larkin in SACRAMENTO BANDITS zone.
5:08 of 3rd period - Alexander DeBrincat is hit by Matthew Calvert.
5:15 of 3rd period - John Carlson is hit by Jason Demers and loses puck.
5:43 of 3rd period - Off-side.
5:44 of 3rd period - Mathew Barzal wins face-off versus Lars Eller in neutral zone.
6:28 of 3rd period - Shot by Mathew Barzal.
6:28 of 3rd period - Stopped by Craig Anderson with a rebound.
6:30 of 3rd period - Shot by Mitchell Marner.
6:30 of 3rd period - Shot Blocked by Mattias Ekholm.
7:09 of 3rd period - Off-side.
7:10 of 3rd period - Dylan Larkin wins face-off versus Aleksander Barkov in neutral zone.
7:10 of 3rd period - Mikko Rantanen is hit by Aleksander Barkov and loses puck.
7:14 of 3rd period - Off-side.
7:15 of 3rd period - Aleksander Barkov wins face-off versus Dylan Larkin in neutral zone.
7:28 of 3rd period - Aleksander Barkov is hit by Matthew Calvert and loses puck.
7:33 of 3rd period - Shot by Dylan Larkin.
7:33 of 3rd period - Shot Misses the Net.
7:35 of 3rd period - Shot by Dylan Larkin.
7:35 of 3rd period - Shot Hit the Post.
7:41 of 3rd period - Shot by Dylan Larkin.
7:41 of 3rd period - Stopped by Craig Anderson without a rebound.
7:42 of 3rd period - Matt Duchene wins face-off versus Mathew Barzal in SACRAMENTO BANDITS zone.
7:44 of 3rd period - Alexander DeBrincat is hit by Mitchell Marner and loses puck.
8:06 of 3rd period - Icing by Scott Mayfield.
8:07 of 3rd period - Aleksander Barkov wins face-off versus Mathew Barzal in SALEM BLACK JAYS zone.
8:10 of 3rd period - Shot by Sam Reinhart.
8:10 of 3rd period - Stopped by Juuse Saros without a rebound.
8:11 of 3rd period - Jamie Benn wins face-off versus Matthew Calvert in SALEM BLACK JAYS zone.
8:34 of 3rd period - Minor Penalty to John Carlson for Hooking.
8:35 of 3rd period - Lars Eller wins face-off versus Josh Leivo in SACRAMENTO BANDITS zone.
8:46 of 3rd period - Shot by Josh Leivo.
8:46 of 3rd period - Goal by Josh Leivo - SACRAMENTO BANDITS : 2 - SALEM BLACK JAYS : 2.
8:47 of 3rd period - Casey Cizikas wins face-off versus Matt Duchene in neutral zone.
8:50 of 3rd period - Erik Johnson is hit by Casey Cizikas and loses puck.
9:08 of 3rd period - Shot by Alexander DeBrincat.
9:08 of 3rd period - Shot Blocked by Jason Demers.
9:10 of 3rd period - Shot by Colton Sissons.
9:10 of 3rd period - Goal by Colton Sissons - SACRAMENTO BANDITS : 3 - SALEM BLACK JAYS : 2.
9:11 of 3rd period - Lars Eller wins face-off versus Mathew Barzal in neutral zone.
9:20 of 3rd period - Shot by Patrik Laine.
9:20 of 3rd period - Deflect By Jonathan Huberdeau.
9:20 of 3rd period - Stopped by Juuse Saros without a rebound.
9:21 of 3rd period - Aleksander Barkov wins face-off versus Dylan Larkin in SALEM BLACK JAYS zone.
9:24 of 3rd period - Shot by Sam Reinhart.
9:24 of 3rd period - Deflect By Aleksander Barkov.
9:24 of 3rd period - Shot Misses the Net.
9:26 of 3rd period - Shot by John Carlson.
9:26 of 3rd period - Stopped by Juuse Saros without a rebound.
9:27 of 3rd period - Mathew Barzal wins face-off versus Aleksander Barkov in SALEM BLACK JAYS zone.
9:27 of 3rd period - Mathew Barzal is hit by Jamie Benn.
10:38 of 3rd period - Lars Eller is hit by Travis Dermott and loses puck.
10:43 of 3rd period - Shot by Jonathan Huberdeau.
10:43 of 3rd period - Shot Misses the Net.
10:45 of 3rd period - Shot by Patrik Laine.
10:45 of 3rd period - Shot Misses the Net.
10:47 of 3rd period - Shot by Lars Eller.
10:47 of 3rd period - Shot Misses the Net.
11:03 of 3rd period - Shot by Mattias Ekholm.
11:03 of 3rd period - Goal by Mattias Ekholm - SACRAMENTO BANDITS : 4 - SALEM BLACK JAYS : 2.
11:04 of 3rd period - Matt Duchene wins face-off versus Casey Cizikas in neutral zone.
11:25 of 3rd period - Shot by Alexander DeBrincat.
11:25 of 3rd period - Shot Misses the Net.
11:27 of 3rd period - Shot by Matt Duchene.
11:27 of 3rd period - Stopped by Juuse Saros with a rebound.
12:22 of 3rd period - Shot by Sam Reinhart.
12:22 of 3rd period - Stopped by Juuse Saros without a rebound.
12:23 of 3rd period - Mathew Barzal wins face-off versus Patrik Laine in SALEM BLACK JAYS zone.
12:32 of 3rd period - Shot by Mathew Barzal.
12:32 of 3rd period - Stopped by Craig Anderson without a rebound.
12:33 of 3rd period - Lars Eller wins face-off versus Dylan Larkin in SACRAMENTO BANDITS zone.
12:40 of 3rd period - Shot by Mikko Rantanen.
12:40 of 3rd period - Shot Misses the Net.
14:35 of 3rd period - Shot by Sam Reinhart.
14:35 of 3rd period - Shot Misses the Net.
14:37 of 3rd period - Shot by Aleksander Barkov.
14:37 of 3rd period - Stopped by Juuse Saros with a rebound.
14:39 of 3rd period - Shot by Erik Johnson.
14:39 of 3rd period - Shot Misses the Net.
14:41 of 3rd period - Shot by Mattias Ekholm.
14:41 of 3rd period - Shot Misses the Net.
14:43 of 3rd period - Shot by Aleksander Barkov.
14:43 of 3rd period - Stopped by Juuse Saros without a rebound.
14:44 of 3rd period - Filip Chytil wins face-off versus Matt Duchene in SALEM BLACK JAYS zone.
15:03 of 3rd period - Alexander DeBrincat is hit by Jason Demers.
15:05 of 3rd period - Shot by Matt Duchene.
15:05 of 3rd period - Stopped by Juuse Saros without a rebound.
15:06 of 3rd period - Dylan Larkin wins face-off versus Jamie Benn in SALEM BLACK JAYS zone.
15:32 of 3rd period - Aleksander Barkov is hit by Scott Mayfield and loses puck.
16:04 of 3rd period - Off-side.
16:05 of 3rd period - Matt Duchene wins face-off versus Mathew Barzal in neutral zone.
16:12 of 3rd period - Shot by Colton Sissons.
16:12 of 3rd period - Stopped by Juuse Saros without a rebound.
16:13 of 3rd period - Mathew Barzal wins face-off versus Matt Duchene in SALEM BLACK JAYS zone.
16:13 of 3rd period - Mathew Barzal is hit by Colton Sissons.
16:39 of 3rd period - Shot by Mathew Barzal.
16:39 of 3rd period - Stopped by Craig Anderson without a rebound.
16:40 of 3rd period - Lars Eller wins face-off versus Casey Cizikas in SACRAMENTO BANDITS zone.
16:46 of 3rd period - Icing by Filip Hronek.
16:47 of 3rd period - Lars Eller wins face-off versus Dylan Larkin in SACRAMENTO BANDITS zone.
17:14 of 3rd period - Shot by Patrik Laine.
17:14 of 3rd period - Stopped by Juuse Saros without a rebound.
17:15 of 3rd period - Mathew Barzal wins face-off versus Aleksander Barkov in SALEM BLACK JAYS zone.
17:30 of 3rd period - Shot by Sam Reinhart.
17:30 of 3rd period - Shot Misses the Net.
17:43 of 3rd period - Shot by Sam Reinhart.
17:43 of 3rd period - Goal by Sam Reinhart - SACRAMENTO BANDITS : 5 - SALEM BLACK JAYS : 2.
17:44 of 3rd period - Mikko Rantanen wins face-off versus Lars Eller in neutral zone.
17:57 of 3rd period - Shot by Mikko Rantanen.
17:57 of 3rd period - Shot Misses the Net.
18:16 of 3rd period - Shot by Patrik Laine.
18:16 of 3rd period - Goal by Patrik Laine - SACRAMENTO BANDITS : 6 - SALEM BLACK JAYS : 2.
18:17 of 3rd period - Mathew Barzal wins face-off versus Aleksander Barkov in neutral zone.
18:34 of 3rd period - Shot by Mitchell Marner.
18:34 of 3rd period - Stopped by Craig Anderson without a rebound.
18:35 of 3rd period - Matt Duchene wins face-off versus Casey Cizikas in SACRAMENTO BANDITS zone.
18:40 of 3rd period - Nick Jensen is hit by Colton Sissons.
19:39 of 3rd period - Shot by Mitchell Marner.
19:39 of 3rd period - Stopped by Craig Anderson without a rebound.
19:40 of 3rd period - Lars Eller wins face-off versus Matthew Calvert in SACRAMENTO BANDITS zone.
19:40 of 3rd period - Lars Eller is hit by Mikko Rantanen.
19:46 of 3rd period - Shot by Lars Eller.
19:46 of 3rd period - Stopped by Juuse Saros without a rebound.
19:47 of 3rd period - Aleksander Barkov wins face-off versus Mitchell Marner in SALEM BLACK JAYS zone.
19:48 of 3rd period - Shot by John Carlson.
19:48 of 3rd period - Stopped by Juuse Saros without a rebound.
19:49 of 3rd period - Mathew Barzal wins face-off versus Aleksander Barkov in SALEM BLACK JAYS zone.
Goals for this period are 5 for SACRAMENTO BANDITS vs 1 for SALEM BLACK JAYS.
Shots for this period are 18 for SACRAMENTO BANDITS vs 11 for SALEM BLACK JAYS.


NATHAN
MACKINNON
PHILLIP
DANAULT
CONNOR
MCDAVID

EAST COAST

HOCKEY LEAGUE

  • 25.QUE4CHI5
  • 26.CHA2LIM3
  • 27.TRV2LON3
  • 28.CHW4BAL2
  • 29.PITMAN
  • 30.ATLNHW
  • 31.WORPET
  • 32.RHI